 Dungeon Crawl Stone Soup version 0.19-a0-1697-g0595f0e (webtiles) character file.

1762 kae the Carver (level 9, -1/64 HPs)
             Began as a Formicid Fighter on Sept 26, 2016.
             Slain by a centaur (6 damage)
             ... on level 6 of the Dungeon.
             The game lasted 00:09:02 (5899 turns).

kae the Carver (Formicid Fighter)                   Turns: 5899, Time: 00:09:02

Health: -1/64      AC:  8    Str: 24      XL:     9   Next: 27%
Magic:  9/9        EV:  8    Int:  8      God:
Gold:   235        SH: 10    Dex:  9 (10) Spells: 0 memorised, 8 levels left

rFire  . . .     SeeInvis +     a - +0 long sword
rCold  . . .     Gourm    .     b - +0 scale mail
rNeg   . . .     Faith    .     c - +0 shield
rPois  .         Spirit   .     (helmet unavailable)
rElec  .         Dismiss  .     (no cloak)
rCorr  .         Reflect  .     u - +0 pair of gloves
MR     .....     Harm     .     (no boots)
Stlth  ..........               (no amulet)
                                (no ring)
                                (no ring)

@: drained
A: permanent stasis, dig shafts and tunnels, four strong arms, antennae 3
a: Dig, Shaft Self


You were on level 6 of the Dungeon.
You were hungry.

You visited 1 branch of the dungeon, and saw 8 of its levels.

You collected 235 gold pieces.

Inventory:

Hand Weapons
 a - a +0 long sword (weapon)
 k - a +0 great sword
Armour
 b - a +0 scale mail (worn)
 c - a +0 shield (worn)
 p - a +0 large shield
 u - a +0 pair of gloves (worn)
 A - a cursed +0 ring mail
Jewellery
 l - an uncursed ring of positive energy {unknown}
Scrolls
 e - a scroll of teleportation
 i - 4 scrolls of fear
 n - 8 scrolls of remove curse {unknown}
 o - a scroll of blinking {unknown}
 r - a scroll of random uselessness {unknown}
 s - a scroll of vulnerability {unknown}
 v - a scroll of amnesia {unknown}
 w - a scroll of fog {unknown}
 x - 2 scrolls of recharging {unknown}
 y - 2 scrolls of enchant armour {unknown}
Potions
 j - 2 potions of heal wounds
 m - a potion of lignification {unknown}
 z - a potion of cure mutation
 B - a potion of brilliance
Books
 t - a book of Dreams

   Spells                             Type                      Level
   a - Ensorcelled Hibernation        Hexes/Ice                    2
   b - Silence                        Hexes/Air                    5
   c - Darkness                       Hexes                        6
   d - Shadow Creatures               Summoning                    6
Comestibles
 d - 3 fruits
 f - 7 bread rations
 g - a slice of pizza
 h - a royal jelly
 q - 2 meat rations


   Skills:
 - Level 3.2(2.2) Fighting
 * Level 10.3(9.1) Long Blades
 - Level 3.2(2.2) Armour
 + Level 7.0(5.8) Shields


You had 8 spell levels left.
You didn't know any spells.

Dungeon Overview and Level Annotations

Branches:
Dungeon (8/15)
 Temple: D:4-7         Lair: D:8-11

Altars:
Gozag
Ru

Annotations:
D:5 Edmund
D:6 DEFE's ghost, novice DEFi


Innate Abilities, Weirdness & Mutations

You are under a permanent stasis effect.
You can dig through walls and to a lower floor.
Your four strong arms can wield two-handed weapons with a shield.
You have a pair of large antennae on your head. (SInv)


Message History

You hit the centaur.
The centaur is heavily wounded.
The centaur hits you.
* * * LOW HITPOINT WARNING * * *
You block the centaur's attack.
You hit the centaur.
The centaur is severely wounded.
The centaur hits you.
* * * LOW HITPOINT WARNING * * *
You hit the centaur but do no damage.
The centaur is severely wounded.
You block the centaur's attack. The centaur hits you.
* * * LOW HITPOINT WARNING * * *
You hit the centaur.
The centaur is almost dead.
The centaur closely misses you.
You hit the centaur but do no damage.
The centaur is almost dead.
The centaur hits you.
You die...

#.# #.# #.# #.#
#.# #.# #†#
######>#######...
#........(@c......
#.#####.##########
#.. { #.# #.# ..#
###


You could see a centaur.

Vanquished Creatures
  Eustachio (D:4)
  Duvessa (D:6)
  A sky beast (D:5)
  An ogre (D:7)
  2 phantoms
  2 centaurs
  A big kobold (D:3)
  A bullfrog (D:6)
  A scorpion (D:4)
  A howler monkey (D:3)
  2 bullfrog zombies
  2 crimson imps
  A quasit (D:7)
  4 centaur skeletons
  A bullfrog skeleton (D:5)
  An orc priest (D:3)
  An iguana (D:6)
  An orc wizard (D:4)
  3 worker ants
  2 worker ant zombies (D:7)
  A howler monkey zombie (D:5)
  6 gnolls
  A howler monkey skeleton (D:6)
  13 adders
  2 oozes
  An adder zombie (D:5)
  3 adder skeletons
  5 worms
  5 dart slugs
  4 leopard geckos
  15 orcs
  2 giant cockroaches
  9 hobgoblins
  9 jackals
  3 quokkas
  2 ball pythons
  5 bats
  8 frilled lizards
  6 goblins
  4 kobolds
  A quokka skeleton (D:3)
  10 rats
145 creatures vanquished.

Vanquished Creatures (others)
  Dowan (D:6)
1 creature vanquished.

Grand Total: 146 creatures vanquished

Notes
Turn   | Place    | Note
-------+----------+-------------------------------------------
     0 | D:1      | kae the Formicid Fighter began the quest for the Orb.
     0 | D:1      | Reached XP level 1. HP: 18/18 MP: 1/1
   180 | D:1      | Reached XP level 2. HP: 18/24 MP: 2/2
   214 | D:1      | Reached skill level 3 in Long Blades
   538 | D:2      | Reached XP level 3. HP: 29/29 MP: 3/3
   831 | D:2      | Reached XP level 4. HP: 35/35 MP: 4/4
   917 | D:2      | Reached skill level 4 in Long Blades
  1288 | D:2      | Found a sacrificial altar of Ru.
  1424 | D:2      | You fall through a shaft for 2 floors!
  1491 | D:3      | Reached skill level 5 in Long Blades
  1491 | D:3      | Reached XP level 5. HP: 35/41 MP: 5/5
  1496 | D:3      | Noticed a phantom
  1523 | D:3      | Killed a phantom
  1523 | D:3      | Reached skill level 6 in Long Blades
  1523 | D:3      | Reached XP level 6. HP: 11/47 MP: 6/6
  1637 | D:3      | Found an opulent altar of Gozag.
  1911 | D:3      | Reached XP level 7. HP: 40/52 MP: 7/7
  1945 | D:3      | Reached skill level 7 in Long Blades
  3069 | D:4      | Noticed Eustachio
  3101 | D:4      | Killed Eustachio
  3101 | D:4      | Reached skill level 8 in Long Blades
  3101 | D:4      | Reached XP level 8. HP: 26/58 MP: 8/8
  3513 | D:5      | Entered Level 5 of the Dungeon
  3680 | D:5      | Reached skill level 5 in Shields
  4087 | D:5      | Noticed Edmund
  4094 | D:5      | You fall through a shaft for 2 floors!
  4361 | D:7      | Reached skill level 9 in Long Blades
  4830 | D:6      | Noticed Duvessa
  4831 | D:6      | Noticed Dowan
  4839 | D:6      | Killed Dowan
  4841 | D:6      | Killed Duvessa
  4856 | D:6      | Reached XP level 9. HP: 37/64 MP: 9/9
  5019 | D:6      | Reached skill level 10 in Long Blades
  5030 | D:6      | Noticed DEFE's ghost (novice DEFi)
  5102 | D:5      | You fall through a shaft!
  5226 | D:5      | You fall through a shaft for 3 floors!
  5899 | D:6      | Slain by a centaur

Vault maps used:
D:1:      elethiomel_arrival_infinity_welcomes_careful_drivers
D:2:      old_standard_altar, first_bread
D:3:      minmay_door_path, gup_sewer_entry_spiral, grunt_gozag_statues
D:4:      minivault_14, serial_bayou_pond_c, uniq_eustachio
D:5:      uniq_edmund
D:6:      uniq_duvessa
D:8:      serial_curves, eino_curves_01, eino_curves_04, eino_curves_01,
          uniq_joseph

Skill      XL: |  1  2  3  4  5  6  7  8  9 |
---------------+----------------------------+-----
Long Blades    | 3 5 6 8 9 10 | 10.3
Shields        | 4 6 7 |  7.0
Fighting       | |  3.2
Armour         | |  3.2

Action                   |  1- 3 |  4- 6 |  7- 9 || total
-------------------------+-------+-------+-------++-------
Melee: Long sword        |    60 |   213 |   542 ||   815
 Abil: Shaft Self        |       |       |     3 ||     3
  Use: Potion            |       |     1 |     7 ||     8
       Scroll            |       |       |     7 ||     7
 Stab: Invisible         |       |       |     2 ||     2
  Eat: Chunk             |       |     4 |    14 ||    18
Armor: Scale mail        |    24 |    73 |   208 ||   305
Dodge: Dodged            |    14 |    54 |   162 ||   230
Block: Shield            |    22 |   103 |   255 ||   380
